 Dungeon Crawl Stone Soup version 0.27-a0-1280-g9d2d252d84 (webtiles) character file.

Game seed: 9101475228683330567

5965 Delamore the Spear-Bearer (level 11, 0/79 HPs)
             Began as a Formicid Fighter on June 13, 2021.
             Was an Initiate of Gozag.
             Killed from afar by an acid dragon (14 damage)
             ... with a splash of acid
             ... on level 8 of the Dungeon.
             The game lasted 00:11:48 (11813 turns).

Delamore the Spear-Bearer (Formicid Fighter)       Turns: 11813, Time: 00:11:49

Health: 0/79       AC:  0    Str: 23    XL:     11   Next: 9%
Magic:  11/11      EV:  9    Int:  9    God:    Gozag
Gold:   527        SH: 11    Dex: 10    Spells: 10/10 levels left

rFire    . . .     SeeInvis +   v - +6 trident
rCold    + . .     Faith    .   c - +1 kite shield
rNeg     . . .     Spirit   .   p - +4 ring mail {rC+}
rPois    .         Reflect  .   (helmet unavailable)
rElec    .         Harm     .   u - +0 cloak
rCorr    .         Rampage  .   (no gloves)
Will     +....                  w - +0 pair of boots
Stlth    ..........             k - amulet of magic regeneration
HPRegen  0.23/turn              (no ring)
MPRegen  0.37/turn              (no ring)

@: corroded
A: permanent stasis, dig shafts and tunnels, antennae 3, four strong arms
a: Dig, Shaft Self, Renounce Religion, Potion Petition, Call Merchant, Bribe
Branch


You were on level 8 of the Dungeon.
You worshipped Gozag.
Gozag was pleased with you.
You visited 2 branches of the dungeon, and saw 9 of its levels.

You collected 664 gold pieces.
You paid 137 gold pieces to Gozag.

Inventory:

Hand Weapons
 f - a +3 mace of holy wrath
 v - a +6 trident (weapon)
 x - a +4 antimagic spear
Missiles
 e - 12 boomerangs
 g - 27 poisoned darts (quivered)
Armour
 c - a +1 kite shield (worn)
 p - a +4 ring mail of cold resistance (worn)
 u - a +0 cloak (worn)
 w - a +0 pair of boots (worn)
Jewellery
 k - an amulet of magic regeneration (around neck)
Wands
 a - a wand of digging (5)
 m - a wand of flame (53)
 n - a wand of iceblast (12)
Scrolls
 b - 3 scrolls of identify
 i - 5 scrolls of amnesia
 o - a scroll of silence
 q - a scroll of enchant armour
 t - a scroll of fog
Potions
 d - a potion of might
 h - 2 potions of degeneration
 j - 3 potions of heal wounds
 l - 2 potions of invisibility
 r - a potion of haste
 s - 3 potions of curing


   Skills:
 - Level 5.0 Fighting
 * Level 13.9 Polearms
 + Level 4.0 Throwing
 - Level 3.2 Armour
 + Level 6.2 Shields


You had 10 spell levels left.
You didn't know any spells.
Your spell library contained the following spells:

 Spells                   Type           Power      Damage    Failure   Level
 Corona                   Hex            0%         N/A       75%         1
 Ensorcelled Hibernation  Hex/Ice        0%         N/A       86%         2
 Confusing Touch          Hex            0%         N/A       98%         3
 Dazzling Flash           Conj/Hex       0%         N/A       98%         3
 Gell's Gravitas          Tloc           0%         N/A       98%         3
 Tukima's Dance           Hex            0%         N/A       98%         3
 Petrify                  Tmut/Erth      0%         N/A       100%        4
 Metabolic Englaciation   Hex/Ice        0%         N/A       100%        5
 Yara's Violent Unravell  Hex/Tmut       0%         3d3       100%        5


Dungeon Overview and Level Annotations

Branches:
Dungeon (8/15)             Temple (1/1) D:7
   Lair: D:8-11

Altars:
Ashenzari
Cheibriados
Dithmenos
Elyvilon
Fedhas
Gozag
Hepliaklqana
Kikubaaqudgha
Makhleb
Nemelex Xobeh
Okawaru
Qazlal
Ru
Sif Muna
Uskayaw
Wu Jian
Xom
Yredelemnul
Zin


Innate Abilities, Weirdness & Mutations

You cannot be hasted, slowed, berserked, paralysed or teleported.
You can dig through walls and to a lower floor.
You have a pair of large antennae on your head. (SInv)
Your four strong arms can wield two-handed weapons with a shield.


Message History

You reach to attack!
You hit the gnoll.
The gnoll is heavily wounded.
You block the gnoll's attack.
You reach to attack!
You puncture the gnoll!
You kill the gnoll!
No target in view!
No target in view!
No target in view!
No target in view!
No target in view!
g - 28 poisoned darts (gained 1)
g - 30 poisoned darts (gained 2)
You see here a poisoned dart.
An acid dragon is nearby!
You throw a poisoned dart. The poisoned dart hits the acid dragon.
The acid dragon is poisoned.
The acid dragon roars!
The acid dragon spits acid at you.
The splash of acid hits you but does no damage.
The acid corrodes you!
You are splashed with acid!
You throw a poisoned dart. The poisoned dart hits the acid dragon!
You throw a poisoned dart.
The poisoned dart completely misses the acid dragon.
The acid dragon spits acid at you. The splash of acid hits you!
The acid corrodes you!
You are splashed with acid!
You are too injured to fight recklessly!
The acid dragon spits acid at you. The splash of acid hits you!
The acid corrodes you!
You are splashed with acid!!
* * * LOW HITPOINT WARNING * * *
You now have 527 gold pieces (gained 7).
You see here a +0 halberd.
You extend your mandibles.
You dig through the rock wall.
You retract your mandibles.
There is a stone staircase leading up here.
The acid dragon spits acid at you. The splash of acid hits you!
You die...
Your body crumbles into a pile of gold.

#..# #..# #..# #..# # #..
#..## .# ...# #...# .#
....## #...#####..#
##....# ##.....)....### #
#...###....[.@......#
####........)..####......
...........D......#......
.######....####.#.# ..###
.....)#........|# ...##
......#.........# .##
.$..............# .#
$$.((.#.........# #
.#...)#D........#


You could see an acid dragon (catching breath).

Vanquished Creatures
  A boulder beetle (D:8)
  A deep elf pyromancer (D:8)
  An unseen horror (D:8)
  A slime creature (D:8)
  A steam dragon (D:6)
  6 yaks
  Eustachio (D:4)
  Edmund (D:4)
  Menkaure (D:4)
  2 acid dragons
  Duvessa (D:6)
  A water moccasin (D:7)
  2 orc warriors (D:6)
  2 ice beasts
  A black bear (D:4)
  A sky beast (D:6)
  2 necrophages
  5 ogres
  A centaur (D:5)
  A phantom (D:4)
  A kobold brigand (D:8)
  A gnoll sergeant (D:8)
  Dowan (D:6)
  3 scorpions (D:4)
  A wight (D:7)
  6 electric eels (Temple)
  A bullfrog zombie (D:5)
  2 hounds (D:5)
  A bullfrog skeleton (D:6)
  A jelly (D:7)
  3 orc priests
  5 iguanas
  Jessica (D:3)
  A centaur skeleton (D:5)
  Terence (D:2)
  5 orc wizards
  A hound skeleton (D:5)
  6 gnolls
  4 adders
  2 white imps (D:7)
  2 worms (D:3)
  A dart slug (D:4)
  17 orcs
  7 endoplasms
  3 giant cockroaches (D:1)
  6 goblins
  5 hobgoblins
  6 jackals
  2 quokkas
  7 ball pythons
  4 bats
  2 frilled lizards (D:3)
  9 kobolds
  4 rats
155 creatures vanquished.

Notes
Turn   | Place    | Note
-------+----------+-------------------------------------------
     0 | D:1      | Delamore the Formicid Fighter began the quest for the Orb.
     0 | D:1      | Reached XP level 1. HP: 18/18 MP: 1/1
   140 | D:1      | Reached XP level 2. HP: 23/24 MP: 2/2
   545 | D:1      | Reached XP level 3. HP: 30/30 MP: 3/3
   854 | D:2      | Reached skill level 3 in Polearms
  1248 | D:2      | Found a faded altar of an unknown god.
  1625 | D:3      | Reached XP level 4. HP: 23/37 MP: 4/4
  2030 | D:3      | Noticed Jessica
  2037 | D:3      | Killed Jessica
  2038 | D:3      | Reached skill level 4 in Polearms
  2038 | D:3      | Reached XP level 5. HP: 42/42 MP: 5/5
  2463 | D:3      | Noticed Terence
  2509 | D:2      | Killed Terence
  3143 | D:4      | Reached XP level 6. HP: 48/49 MP: 6/6
  3175 | D:4      | Reached skill level 5 in Fighting
  3175 | D:4      | Reached skill level 5 in Polearms
  3363 | D:4      | Noticed an ogre
  3374 | D:4      | Killed an ogre
  3471 | D:4      | Reached skill level 6 in Polearms
  3471 | D:4      | Reached XP level 7. HP: 56/56 MP: 7/7
  3500 | D:4      | Noticed Edmund
  3531 | D:4      | Killed Edmund
  3532 | D:4      | Reached skill level 7 in Polearms
  4352 | D:4      | Noticed Eustachio
  4392 | D:5      | Entered Level 5 of the Dungeon
  4455 | D:4      | Killed Eustachio
  4456 | D:4      | Reached skill level 8 in Polearms
  4456 | D:4      | Reached XP level 8. HP: 49/62 MP: 8/8
  4612 | D:4      | Noticed Menkaure
  4632 | D:4      | Killed Menkaure
  4901 | D:4      | Reached skill level 9 in Polearms
  5749 | D:5      | Reached skill level 10 in Polearms
  5749 | D:5      | Reached XP level 9. HP: 60/68 MP: 9/9
  6943 | D:5      | Reached skill level 11 in Polearms
  8078 | D:6      | Found a hazy altar of Hepliaklqana.
  8081 | D:6      | Found a blossoming altar of Fedhas.
  8081 | D:6      | Found a snail-covered altar of Cheibriados.
  8414 | D:6      | Reached skill level 12 in Polearms
  8623 | D:6      | Reached XP level 10. HP: 68/74 MP: 10/10
  8721 | D:6      | Noticed a two-headed ogre
  9157 | D:7      | Noticed Duvessa
  9157 | D:7      | Noticed Dowan
  9166 | D:6      | Killed Duvessa
  9170 | D:6      | Killed Dowan
  9526 | D:7      | Found a staircase to the Ecumenical Temple.
  9541 | Temple   | Entered the Ecumenical Temple
  9627 | Temple   | Became a worshipper of Gozag Ym Sagoz the Greedy
 10080 | Temple   | Reached skill level 1 in Throwing
 10085 | Temple   | Reached skill level 13 in Polearms
 10541 | D:8      | Noticed a deep elf pyromancer
 10555 | D:8      | Killed a deep elf pyromancer
 10796 | D:8      | Noticed a boulder beetle
 10796 | D:8      | Noticed a tengu warrior
 10796 | D:8      | Noticed an unseen horror
 10796 | D:8      | Noticed a seven-headed hydra
 10800 | D:8      | Killed an unseen horror
 10800 | D:8      | Noticed a boulder beetle
 10804 | D:8      | Reached skill level 5 in Shields
 11493 | D:8      | Killed a boulder beetle
 11494 | D:8      | Reached XP level 11. HP: 32/79 MP: 11/11
 11813 | D:8      | Killed from afar by an acid dragon

Illustrated notes

Levels and vault maps discovered:
D:1:      minmay_arrival_stair_chambers, layout_basic, kennysheep_boxes
D:2:      layout_loops_cross, basic_ecumenical_altar
D:3:      layout_basic, minmay_quadrilaterals, uniq_terence, uniq_jessica
D:4:      layout_gridville, uniq_menkaure, uniq_eustachio, uniq_edmund
D:5:      layout_basic, nrook_pool_corridor, interstate_on_off, minivault_5,
          kennysheep_generic_room_15
D:6:      layout_loops_corners, chequers_temple_overflow_statue_of_worship,
          st_stairs_12, minmay_misc_feat_room
D:7:      layout_gridville, minmay_temple_entry_wispy,
          hellmonk_bongcloud_opening, uniq_duvessa
D:8:      minmay_cut_squares, layout_layer_cave, kennysheep_little_box,
          erik_lair_island
Temple:   compressed_dpeg_circular_temple

Skill      XL: |  1  2  3  4  5  6  7  8  9 10 11 |
---------------+----------------------------------+-----
Polearms       | 3 4 6 8 10 12 13 | 13.9
Fighting       | 4 5 |  5.0
Throwing       | 3 4 |  4.0
Shields        | 6 |  6.2
Armour         | |  3.2

Action                   |  1- 3 |  4- 6 |  7- 9 | 10-12 || total
-------------------------+-------+-------+-------+-------++-------
Melee: Trident           |   127 |   122 |   320 |   152 ||   721
       Mace              |       |       |     2 |       ||     2
Throw: Boomerang         |       |    17 |       |       ||    17
       Dart              |       |     5 |    58 |    33 ||    96
 Abil: Dig               |       |     1 |     5 |     6 ||    12
Evoke: Wand              |       |       |       |    12 ||    12
  Use: Scroll            |     4 |     5 |     4 |     2 ||    15
       Potion            |       |     1 |       |     1 ||     2
Armor: Scale mail        |    56 |     6 |       |       ||    62
       Ring mail         |       |    29 |   120 |    38 ||   187
Dodge: Dodged            |    53 |    29 |   113 |    40 ||   235
Block: Kite shield       |    71 |    57 |   185 |    69 ||   382

Table legend: (Time is in decaauts)
 A = Elapsed time spent in this place.
 B = Non-inter-level travel time spent in this place.
 C = Inter-level travel time spent in this place.
 D = Time resting spent in this place.
 E = Time spent auto-exploring this place.
 F = Levels seen in this place.
 G = Mean time per level.
                   A        B        C        D        E       F      G
               +--------+--------+--------+--------+--------+-----+--------+
         Total |  11890 |  11585 |    305 |   4299 |   5511 |   9 | 1321.1 |
       Dungeon |  11205 |  10918 |    287 |   3752 |   5437 |   8 | 1400.6 |
        Temple |    685 |    667 |     18 |    547 |     74 |   1 |  685.0 |
               +--------+--------+--------+--------+--------+-----+--------+

Top non-repeatable levels by time:
     D:4: 2144 daAuts
     D:5: 1814 daAuts
     D:7: 1771 daAuts
     D:3: 1729 daAuts
     D:6: 1514 daAuts
     D:1: 871 daAuts
     D:2: 828 daAuts
  Temple: 685 daAuts
     D:8: 531 daAuts
